 Dungeon Crawl Stone Soup version 0.19.5 (webtiles) character file.

48 JeffiDaFish the Firebug (level 3, -1/26 HPs)
             Began as a Draconian Fire Elementalist on Apr 26, 2017.
             Slain by a worm (2 damage)
             ... on level 2 of the Dungeon.
             The game lasted 00:04:05 (1027 turns).

JeffiDaFish the Firebug (DrFE)                      Turns: 1027, Time: 00:04:06

Health: -1/26      AC:  5    Str: 10    XL:     3   Next: 50%
Magic:  4/6        EV: 12    Int: 15    God:
Gold:   54         SH:  0    Dex: 12    Spells: 2 memorised, 3 levels left

rFire  . . .     SeeInvis .     c - +0 short sword
rCold  . . .     Gourm    .     (armour unavailable)
rNeg   . . .     Faith    .     (no shield)
rPois  .         Spirit   .     (helmet restricted)
rElec  .         Reflect  .     (no cloak)
rCorr  .         Harm     .     (no gloves)
MR     .....                    (no boots)
Stlth  ++........               (no amulet)
                                (no ring)
                                (no ring)

@: no status effects
A: unfitting armour, cold-blooded, AC +5
a: no special abilities


You were on level 2 of the Dungeon.
You were hungry.

You visited 1 branch of the dungeon, and saw 2 of its levels.

You collected 54 gold pieces.

Inventory:

Hand Weapons
 c - a +0 short sword (weapon)
Books
 a - a book of Flames

   Spells                             Type                      Level
   a - Flame Tongue                   Conjuration/Fire             1
   b - Throw Flame                    Conjuration/Fire             2
   c - Conjure Flame                  Conjuration/Fire             3
   d - Inner Flame                    Hexes/Fire                   3
   e - Sticky Flame                   Conjuration/Fire             4
   f - Fireball                       Conjuration/Fire             5
Comestibles
 b - a bread ration
 d - 4 chunks of flesh
 f - a meat ration


   Skills:
 + Level 0.4 Short Blades
 + Level 2.1 Dodging
 + Level 1.7 Stealth
 + Level 2.3 Spellcasting
 + Level 1.3 Conjurations
 + Level 3.8 Fire Magic


You had 3 spell levels left.
You knew the following spells:

 Your Spells              Type           Power        Failure   Level  Hunger
a - Flame Tongue          Conj/Fire      #....        10%         1    #......
b - Throw Flame           Conj/Fire      #.....       12%         2    ###....


Dungeon Overview and Level Annotations

Branches:
Dungeon (2/15)

Altars:

Annotations:
D:2 Natasha, Sigmund


Innate Abilities, Weirdness & Mutations

Your plain brown scales are hard. (AC +5)
You cannot fit into any form of body armour.
You are cold-blooded and may be slowed by cold attacks.


Message History

Press: ? - help, Shift-Dir - straight line Something hits you!
Ouch! That really hurt!
* * * LOW HITPOINT WARNING * * *
You aren't carrying any potions.
You are too injured to fight recklessly!
You see here a club.
A worm comes into view.
The worm bites you but does no damage.
Natasha, Servant of Life and Death comes into view.
Natasha hisses angrily.
Sigmund casts a spell at you. You resist with significant effort.
Natasha wildly gestures.
You feel disoriented. Sigmund casts a spell at you. The magic dart hits you!
* * * LOW HITPOINT WARNING * * *
The worm bites you.
You die...

#.....P.P.P.....###.......###.
#.....#..♣..#÷..###.......###.
#.....##.♣...)....#...........
#.....#..###...#...........)..
#.....#.## #@#...♣♣♣♣♣♣♣♣.....
#)......## #.####♣...♣ ♣♣....
###.##...# #.###...♣ ..(..
#♣P.♣###.###.....♣♣ ♣♣...♣
♣PP.♣ #....<@....♣♣♣♣ ♣...♣
♣♣..♣♣ #..#..w........ #...♣
♣..PP♣♣#...........h.. #...♣
♣..P♣P♣............... .##.♣
♣PP...♣...............
♣♣♣♣♣♣.#.#..........##
♣......#.........#
#<#>#.###.......... #....#.#
#.....#....


You could see Sigmund, a worm and Natasha.

Vanquished Creatures
  An ooze (D:1)
  A dart slug (D:1)
  3 leopard geckos (D:1)
  A giant cockroach (D:1)
  6 goblins
  4 hobgoblins
  3 jackals (D:1)
  4 kobolds
  5 bats
  5 frilled lizards
  4 rats
  A bush (D:2)
38 creatures vanquished.

Notes
Turn   | Place    | Note
-------+----------+-------------------------------------------
     0 | D:1      | JeffiDaFish the Draconian Fire Elementalist began the quest for the Orb.
     0 | D:1      | Reached XP level 1. HP: 14/14 MP: 3/3
   161 | D:1      | Reached XP level 2. HP: 17/20 MP: 0/5
   356 | D:1      | Reached XP level 3. HP: 24/26 MP: 2/6
   382 | D:1      | Learned a level 2 spell: Throw Flame
   992 | D:2      | Noticed Sigmund
  1025 | D:2      | Noticed Natasha
  1027 | D:2      | HP: 1/26 [Sigmund/magic dart (3)]
  1027 | D:2      | Slain by a worm

Skill      XL: |  1  2 |
---------------+-------+-----
Dodging        | 2 |  2.1
Short Blades   | |  0.4
Stealth        | |  1.7
Spellcasting   | |  2.3
Conjurations   | |  1.3
Fire Magic     | |  3.8

Action                   || total
-------------------------++-------
Melee: Short sword       ||   224
       Tailslap          ||    38
 Cast: Flame Tongue      ||    34
       Throw Flame       ||     1
  Use: Potion            ||     1
       Scroll            ||     4
 Stab: Sleeping          ||     1
  Eat: Chunk             ||     1
Armor: Skin              ||    21
Dodge: Dodged            ||    61
